 Dungeon Crawl Stone Soup version 0.31.0-32-g396128a36d (webtiles) character file.

Game seed: 5866928843964948403

3201 PaiMei the Artisan of Death (level 9, -22/73 HPs)
             Began as a Demonspawn Necromancer on Apr 17, 2024.
             Was a Priest of Kikubaaqudgha.
             Annihilated by a two-headed ogre
             ... wielding a +0 giant spiked club
              (27 damage)
             ... on level 8 of the Dungeon.
             The game lasted 00:16:02 (9850 turns).

PaiMei the Artisan of Death (DsNe)                  Turns: 9850, Time: 00:16:03

Health: -22/73     AC:  9    Str:  9      XL:     9   Next: 65%
Magic:  11/18      EV: 18    Int: 20      God:    Kikubaaqudgha [***...]
Gold:   478        SH:  0    Dex: 12 (13) Spells: 4/21 levels left

rFire   + . .        a - +2 broad axe of Attainder {freeze, *Noise rElec SInv Stlth-}
rCold   . . .        (no shield)
rNeg    . . .        e - +3 leather armour {rF+}
rPois   .            E - +0 helmet
rElec   +            f - +0 cloak
rCorr   .            (no gloves)
SInv    +            (no boots)
Will    +....        (no amulet)
Stlth   +            c - +4 ring of slaying
HPRegen 0.32/turn    h - ring of willpower
MPRegen 0.16/turn

%: no passive effects
@: agile
A: claws 1, rugged brown scales 1, powered by pain 2, deterioration 1, mutation
resistance 1
a: Renounce Religion, Unearth Wretches


You were on level 8 of the Dungeon.
You worshipped Kikubaaqudgha.
Kikubaaqudgha was most pleased with you.
You visited 2 branches of the dungeon, and saw 9 of its levels.
You also visited: Bailey.

You collected 478 gold pieces.

Inventory:

Hand Weapons
 a - the +2 broad axe of Attainder (weapon) {freeze, *Noise rElec SInv Stlth-}
   (You found it in a bailey)

   rElec:     It insulates you from electricity.
   SInv:      It lets you see invisible.
   *Noise:    It may make a loud noise when swung.
   Stlth-:    It makes you less stealthy.
 p - a +2 short sword of speed
 P - a +3 scimitar of freezing
 Q - a +2 falchion of electrocution
 R - a +2 dagger of pain
Missiles
 y - 10 poisoned darts (quivered)
Armour
 e - a +3 leather armour of fire resistance (worn)
 f - a +0 cloak (worn)
 l - a +2 plate armour of cold resistance
 u - a +0 tower shield
 E - a +0 helmet (worn)
 F - a +4 ring mail
 K - the +1 scale mail of the Disturbing Spines {+Inv Regen+ rCorr}
   (You found it in a bailey)

   +Inv:      It lets you turn invisible.
   Regen+:    It increases your rate of health regeneration.
   rCorr:     It protects you from acid and corrosion.
 L - a +4 chain mail of cold resistance
Jewellery
 c - a +4 ring of slaying (left claw)
 h - a ring of willpower (right claw)
 q - an amulet of guardian spirit
 t - a ring of positive energy
 G - an amulet of faith
 N - a +6 ring of strength
Wands
 z - a wand of light (4)
 H - a wand of polymorph (12)
 M - a wand of iceblast (10)
Scrolls
 d - a scroll of silence {unknown}
 g - a scroll of noise {unknown}
 j - 2 scrolls of blinking {unknown}
 k - 7 scrolls of identify
 m - a scroll of immolation {unknown}
 n - a scroll of poison {unknown}
 o - a scroll of acquirement {unknown}
 r - 3 scrolls of enchant weapon {unknown}
 v - a scroll of vulnerability {unknown}
 w - a scroll of fog {unknown}
 A - a scroll of torment {unknown}
 B - 2 scrolls of teleportation
 C - a scroll of fear {unknown}
 D - a scroll of enchant armour {unknown}
 O - a scroll of revelation {unknown}
Potions
 b - 2 potions of magic
 i - 2 potions of resistance
 s - 2 potions of lignification
 x - 2 potions of might
 I - a potion of mutation
 J - a potion of haste {unknown}


   Skills:
 + Level 6.5 Fighting
 + Level 6.4 Dodging
 - Level 2.2 Stealth
 + Level 6.6 Spellcasting
 + Level 8.7 Necromancy


You had 4 spell levels left.
You knew the following spells:

 Your Spells              Type           Power      Damage    Failure   Level
a - Necrotise             Necr           100%       1d9       1%          1
b - Vampiric Draining     Necr           41%        2d8       1%          3
c - Animate Dead          Necr           41%        N/A       3%          4
d - Curse of Agony        Necr           41%        N/A       11%         5
e - Dispel Undead         Necr           41%        3d16      3%          4

Your spell library contained the following spells:

 Spells                   Type           Power      Damage    Failure   Level
 Kiss of Death            Conj/Necr      96%        2d12      2%          1
 Cigotuvi's Dreadful Rot  Necr/Alch/Air  36%        N/A       6%          2
 Foxfire                  Conj/Fire      24%        2x1d5     14%         1
 Ensorcelled Hibernation  Hex/Ice        12%        N/A       22%         2
 Martyr's Knell           Necr/Summ      24%        N/A       22%         4
 Passwall                 Erth           6%         N/A       38%         3
 Swiftness                Air            6%         N/A       38%         3
 Death Channel            Necr           20%        N/A       52%         6
 Plasma Beam              Fire/Air       3%         2x1d13    100%        6
 Starburst                Conj/Fire      3%         6d3       100%        6


Dungeon Overview and Level Annotations

Branches:
Dungeon (8/15)             Temple (1/1) D:4          Bailey (visited)
   Lair: D:8-11

Altars:
Ashenzari
Cheibriados
Dithmenos
Fedhas
Gozag
Hepliaklqana
Kikubaaqudgha
Makhleb
Nemelex Xobeh
Qazlal
Ru
Sif Muna
Trog
Uskayaw
Vehumet
Wu Jian
Xom

Shops:
D:7 =

Annotations:
D:6 3 runed translucent doors, PaiMei's ghost, novice DsNe


Innate Abilities, Weirdness & Mutations

You have sharp fingernails.
You are partially covered in rugged brown scales. (AC +1, +3% HP)
You sometimes gain power by taking damage.
Your body sometimes deteriorates upon taking damage.
You are somewhat resistant to further mutation.


Message History

You barely miss the white imp. The white imp gestures at you.
The puff of frost hits you!
You focus on the pain.
You feel agile all of a sudden.
You hit the white imp.
The white imp is moderately wounded.
The white imp hits you. The white imp freezes you.
Casting: Necrotise (safe; 1% risk of failure)
Confirm with . or Enter, or press ? or * to list all spells.
Aiming: Curse of Agony (dangerous; 11% risk of failure)
Press: ? - help, Shift-Dir - straight line, f/p - two-headed ogre
Aim: a two-headed ogre, wielding a +0 giant spiked club and a +0 giant club (lightly wounded, chance to affect: 74%)
The two-headed ogre is cursed with the promise of agony.
The two-headed ogre closely misses you.
The two-headed ogre hits you with a +0 giant club!!
You closely miss the two-headed ogre.
The two-headed ogre is lightly wounded.
The two-headed ogre misses you. The two-headed ogre closely misses you.
You hit the two-headed ogre. You freeze the two-headed ogre.
The two-headed ogre convulses!
The two-headed ogre is heavily wounded.
The two-headed ogre closely misses you. x2
You slash the two-headed ogre! You freeze the two-headed ogre.
The two-headed ogre convulses!
The two-headed ogre is freed from its curse.
The two-headed ogre is almost dead.
The two-headed ogre hits you with a +0 giant spiked club!
The two-headed ogre hits you with a +0 giant club!!
* * * LOW HITPOINT WARNING * * *
Your body deteriorates!
You feel clumsy.
Casting: Curse of Agony (dangerous; 11% risk of failure)
Confirm with . or Enter, or press ? or * to list all spells.
Aiming: Vampiric Draining (safe; 1% risk of failure)
Press: ? - help, Shift-Dir - straight line, f/p - two-headed ogre
Aim: a two-headed ogre, wielding a +0 giant spiked club and a +0 giant club (almost dead)
You draw life force from the two-headed ogre.
You feel life coursing into your body.
The two-headed ogre hits you with a +0 giant spiked club!!
You die...
Kikubaaqudgha rasps: "You have failed me!
Welcome... death!"

#....../.# #........#
#........# #........#
#........# #...~~~..#
#..≈≈~...######...
..~≈~~..5O@.......
#........######...
#........# #######'##
#####...#######
..............#
##....#######.## ......
###.....#########
.......................#


You could see a two-headed ogre and a white imp.

Vanquished Creatures
  A gargoyle (Bailey)
  A vampire (Bailey)
  A wyvern (D:7)
  A water moccasin (D:6)
  An ice beast (D:7)
  3 black bears (D:6)
  A sky beast (D:7)
  2 ogres (D:6)
  3 scorpions
  3 wights (D:7)
  4 killer bees (D:7)
  2 howler monkeys (D:7)
  8 vampire bats (Bailey)
  5 wolf zombies (Bailey)
  A sleepcap (D:6)
  A hound (D:7)
  A jelly (D:7)
  3 orc priests
  2 gnoll boudas
  3 iguanas
  4 orc wizards
  11 gnolls
  6 adders
  A white imp (D:6)
  5 dart slugs
  A ribbon worm (D:4)
  35 orcs
  7 ball pythons
  2 bats
  8 endoplasms
  3 giant cockroaches
  10 goblins
  5 hobgoblins
  12 jackals
  3 quokkas
  2 frilled lizards (D:1)
  5 kobolds
  20 orc zombies (Bailey)
  4 rats
191 creatures vanquished.

Vanquished Creatures (collateral kills)
  An orc (D:2)
1 creature vanquished.

Grand Total: 192 creatures vanquished

Notes
Turn   | Place    | Note
-------+----------+-------------------------------------------
     0 | D:1      | PaiMei the Demonspawn Necromancer began the quest for the
                  | Orb.
     0 | D:1      | Reached XP level 1. HP: 13/13 MP: 3/3
   219 | D:1      | Gained mutation: You are partially covered in rugged brown
                  | scales. (AC +1, +3% HP) [demonic ancestry]
   219 | D:1      | Reached XP level 2. HP: 6/19 MP: 0/5
   765 | D:2      | Reached XP level 3. HP: 24/24 MP: 4/6
   769 | D:2      | Learned a level 3 spell: Vampiric Draining
  2133 | D:3      | Reached skill level 1 in Fighting
  2141 | D:3      | Gained mutation: You have sharp fingernails. [demonic
                  | ancestry]
  2141 | D:3      | Reached XP level 4. HP: 32/32 MP: 4/7
  2248 | D:3      | Found a broken altar of Ashenzari.
  2575 | D:3      | Found a faded altar of an unknown god.
  2630 | D:3      | Reached skill level 5 in Necromancy
  3044 | D:4      | Found a staircase to the Ecumenical Temple.
  3090 | Temple   | Entered the Ecumenical Temple
  3125 | Temple   | Became a worshipper of Kikubaaqudgha
  3339 | D:4      | Noticed a scorpion
  3347 | D:4      | Killed a scorpion
  3348 | D:4      | Gained mutation: You sometimes gain a little power by
                  | taking damage. [demonic ancestry]
  3348 | D:4      | Reached XP level 5. HP: 25/39 MP: 1/9
  4421 | D:5      | Entered Level 5 of the Dungeon
  4437 | D:5      | Reached XP level 6. HP: 47/47 MP: 7/11
  4443 | D:5      | Reached * piety under Kikubaaqudgha
  4443 | D:5      | Received a gift from Kikubaaqudgha
  5721 | D:6      | Reached XP level 7. HP: 43/53 MP: 3/12
  5806 | D:6      | Reached skill level 6 in Necromancy
  6022 | D:6      | Gained mutation: You are somewhat resistant to further
                  | mutation. [potion of mutation]
  6022 | D:6      | Gained mutation: Your body sometimes deteriorates upon
                  | taking damage. [potion of mutation]
  6370 | D:6      | Found a runed translucent gate.
  6371 | D:6      | Found a runed translucent gate.
  6372 | D:6      | Found a runed translucent gate.
  6372 | D:6      | Noticed PaiMei's ghost (novice DsNe)
  6630 | D:6      | Gained mutation: You sometimes gain power by taking damage.
                  | [demonic ancestry]
  6630 | D:6      | Reached XP level 8. HP: 61/61 MP: 4/15
  7245 | D:6      | Learned a level 4 spell: Animate Dead
  7388 | D:7      | Reached ** piety under Kikubaaqudgha
  7389 | D:7      | Reached skill level 7 in Necromancy
  7402 | D:7      | Reached skill level 5 in Spellcasting
  7545 | D:7      | Found Tajanih's Jewellery Boutique.
  7560 | D:7      | Found a flagged portal.
  7598 | D:7      | Reached skill level 5 in Dodging
  7768 | D:7      | Learned a level 5 spell: Curse of Agony
  7769 | Bailey   | Entered a bailey
  7890 | Bailey   | Noticed a gargoyle
  7938 | Bailey   | Reached skill level 5 in Fighting
  7957 | Bailey   | HP: 3/63 [wolf zombie (2)]
  8216 | Bailey   | Identified the +2 broad axe of Attainder {freeze, *Noise
                  | rElec SInv Stlth-}
  8268 | Bailey   | Killed a gargoyle
  8269 | Bailey   | Reached XP level 9. HP: 40/70 MP: 17/17
  8496 | Bailey   | Reached *** piety under Kikubaaqudgha
  8496 | Bailey   | Received a gift from Kikubaaqudgha
  8509 | Bailey   | Reached skill level 8 in Necromancy
  8804 | Bailey   | Identified the +1 scale mail of the Disturbing Spines {+Inv
                  | Regen+ rCorr}
  9653 | D:7      | Found a shadowy altar of Dithmenos.
  9810 | D:7      | Learned a level 4 spell: Dispel Undead
  9837 | D:8      | Noticed a two-headed ogre
  9849 | D:8      | HP: 2/73 [two-headed ogre/+0 giant spiked club (21)]
  9850 | D:8      | Annihilated by a two-headed ogre

Illustrated notes

Levels and vault maps discovered:
D:1:      dpeg_arrival_orchard, layout_rooms,
          nicolae_concentric_dashed_squares_wild, st_stairs_7
D:2:      layout_basic
D:3:      layout_loops_ring, amcnicky_altar_gilded,
          hellmonk_ecumenical_altar_run_dry, hangedman_decor_clover_reticule,
          minmay_fractal_squares_5
D:4:      layout_basic, minmay_temple_entry_mist, small_statue_intersection
D:5:      layout_loops_cross
D:6:      layout_loops_ring, ebering_ghost_rock_garden
D:7:      layout_rooms, lemuel_coloured_pillars_altar, enter_bailey_5,
          serial_shops, nicolae_shop_rolling_square
D:8:      minmay_spotlight, layout_basic,
          mainiacjoe_overflow_concentric_impassable,
          grunt_lair_entry_orc_guard_hut, uniq_pikel
Temple:   dpeg_five_rooms_temple

Skill      XL: |  1  2  3  4  5  6  7  8  9 |
---------------+----------------------------+-----
Dodging        | 2 3 4 5 6 |  6.4
Stealth        | 2 |  2.2
Fighting       | 1 2 3 4 5 6 |  6.5
Necromancy     | 5 6 7 8 |  8.7
Spellcasting   | 3 4 5 6 |  6.6

Action                     |  1- 3 |  4- 6 |  7- 9 || total
---------------------------+-------+-------+-------++-------
  Melee: Hand axe          |    17 |       |       ||    17
         Punch             |     1 |     1 |     5 ||     7
         Short sword       |     9 |    68 |   202 ||   279
         Broad axe         |       |       |    68 ||    68
   Cast: Necrotise         |    71 |   103 |    37 ||   211
         Vampiric Draining |       |    17 |    36 ||    53
         Curse of Agony    |       |       |     1 ||     1
  Evoke: Wand              |       |       |     8 ||     8
    Use: Potion            |       |       |     9 ||     9
         Scroll            |       |       |     2 ||     2
   Stab: Sleeping          |       |       |     1 ||     1
 Armour: Robe              |    23 |       |       ||    23
         Leather armour    |     4 |    53 |    46 ||   103
         Ring mail         |       |     7 |   234 ||   241
         Skin              |       |       |    18 ||    18
  Dodge: Dodged            |    33 |    61 |   226 ||   320
